 Dungeon Crawl Stone Soup version 0.21-a0-110-g8e1637b (webtiles) character file.

12805 Ijustatesigmund the Severer (level 11, -4/114 HPs)
             Began as a Hill Orc Fighter on July 7, 2017.
             Was a High Priest of Wu Jian.
             Slain by an 18-headed hydra (11 damage)
             ... on level 11 of the Dungeon.
             The game lasted 00:33:31 (10203 turns).

Ijustatesigmund the Severer (Hill Orc Fighter)     Turns: 10203, Time: 00:33:32

Health: -4/114     AC: 20    Str: 25    XL:     11   Next: 99%
Magic:  6/11       EV: 11    Int:  8    God:    Wu Jian [*****.]
Gold:   560        SH: 10    Dex: 18    Spells: 10/10 levels left

rFire    . . .     SeeInvis .   a - +2 war axe
rCold    . . .     Gourm    .   c - +0 shield
rNeg     + . .     Faith    .   b - +2 chain mail {rPois}
rPois    +         Spirit   .   h - +2 helmet
rElec    .         Reflect  .   (no cloak)
rCorr    .         Harm     .   g - +1 pair of gloves
MR       .....                  (no boots)
Stlth    ..........             (no amulet)
HPRegen  0.00/turn              i - ring of positive energy
MPRegen  0.12/turn              x - ring of poison resistance

@: mighty, agile, berserk cooldown, slowed, very slow
A: claws 1, robust 1, inhibited regeneration, MP-powered wands
a: Serpent's Lash, Heavenly Storm, Renounce Religion


You were on level 11 of the Dungeon.
You worshipped Wu Jian.
Wu Jian was extremely pleased with you.
You were hungry.

You visited 2 branches of the dungeon, and saw 13 of its levels.
You also visited: Ossuary.

You collected 560 gold pieces.

Inventory:

Hand Weapons
 a - a +2 war axe (weapon)
Missiles
 p - 4 throwing nets (quivered)
Armour
 b - a +2 chain mail of poison resistance (worn)
 c - a +0 shield (worn)
 g - a +1 pair of gloves (worn)
 h - a +2 helmet (worn)
 H - the +3 hat of Pondering {ponderous, MR+ MP+10 Int+5}
   (You took it off Gastronok on level 9 of the Dungeon)

   It affects your intelligence (+5).
   It affects your resistance to hostile enchantments.
   It affects your magic capacity (+10).
Jewellery
 i - a ring of positive energy (left hand)
 x - a ring of poison resistance (right hand)
Wands
 j - a wand of confusion (28/48)
 u - a wand of disintegration (24/24)
 D - a wand of random effects (23/48)
 F - a wand of paralysis (7/24)
 J - a wand of random effects (24/48)
 K - a wand of flame (37/48)
Scrolls
 e - 8 scrolls of remove curse
 o - 5 scrolls of teleportation
 r - a scroll of magic mapping
 w - 10 scrolls of identify
 y - 2 scrolls of blinking
 C - a scroll of immolation
 E - a scroll of recharging
 L - a scroll of fog
Potions
 k - 5 potions of curing
 l - a potion of flight
 m - 3 potions of heal wounds
 t - a potion of resistance
 v - 2 potions of agility
 A - a potion of brilliance
 B - 4 potions of ambrosia
Books
 n - a book of Cantrips

   Spells                             Type                      Level
   a - Confusing Touch                Hexes                        1
   b - Animate Skeleton               Necromancy                   1
   c - Summon Small Mammal            Summoning                    1
   d - Apportation                    Translocation                1
 G - a book of Minor Magic

   Spells                             Type                      Level
   a - Magic Dart                     Conjuration                  1
   b - Blink                          Translocation                2
   c - Call Imp                       Summoning                    2
   d - Slow                           Hexes                        2
   e - Conjure Flame                  Conjuration/Fire             3
   f - Mephitic Cloud                 Conjuration/Poison/Air       3
 I - a book of Clouds

   Spells                             Type                      Level
   a - Poisonous Vapours              Poison/Air                   2
   b - Mephitic Cloud                 Conjuration/Poison/Air       3
   c - Conjure Flame                  Conjuration/Fire             3
   d - Freezing Cloud                 Conjuration/Ice/Air          6
   e - Ring of Flames                 Charms/Fire                  7
Comestibles
 f - 6 bread rations
 q - 4 meat rations
 s - 5 royal jellies


   Skills:
 - Level 12.0 Fighting
 + Level 15.7 Axes
 + Level 11.3 Armour
 - Level 3.2 Shields


You had 10 spell levels left.
You didn't know any spells.

Dungeon Overview and Level Annotations

Branches:
Dungeon (12/15)            Temple (1/1) D:4            Lair (0/6) D:10
    Orc: D:9-12

Altars:
Ashenzari
Cheibriados
Fedhas
Makhleb
Nemelex Xobeh
Sif Muna
Trog
Uskayaw
Wu Jian
Zin

Shops:
D:9 (   D:10 %

Annotations:
D:5 Prince Ribbit


Innate Abilities, Weirdness & Mutations

You have sharp fingernails.
You are robust. (+10% HP)
You do not regenerate when monsters are visible.
You expend magic power (3 MP) to strengthen your wands.


Message History

The 18-headed hydra bites you but does no damage.
The 18-headed hydra closely misses you. The 18-headed hydra bites you!
* * * LOW HITPOINT WARNING * * *
The 18-headed hydra bites you but does no damage.
The 18-headed hydra bites you.
* * * LOW HITPOINT WARNING * * *
The 18-headed hydra bites you.
* * * LOW HITPOINT WARNING * * *
The 18-headed hydra bites you but does no damage.
The 18-headed hydra bites you!
* * * LOW HITPOINT WARNING * * *
The 18-headed hydra bites you.
* * * LOW HITPOINT WARNING * * *
The 18-headed hydra bites you.
* * * LOW HITPOINT WARNING * * *
The 18-headed hydra bites you.
* * * LOW HITPOINT WARNING * * *
The 18-headed hydra bites you but does no damage.
The 18-headed hydra bites you!
You die...

#... #..# .... ##..### #... .....
.... #... ... ######## #..#
#.#####......#
#..######.........##.#
#....................#
##.....#.......@D.#..#
###.....#..........#..######
...........................#
.......##..........#..##.#.#
.......##..................#
.......#...#######.[.......#
.......#...# ###..###..# ###
.......#...#########..###..###.#
.......#......).............##.##


You could see a 18-headed hydra.

Vanquished Creatures
  Gastronok (D:9)
  Erica (D:11)
  The ghost of anet the Slasher, a novice MiFi (D:9)
  The ghost of Torious the Destroyer, a journeyman DECj of Sif Muna (D:11)
  Sonja (D:11)
  An unseen horror (D:11)
  Pikel (D:8)
  2 ugly things (D:11)
  2 trolls
  4 hippogriffs
  6 yaks (D:10)
  A hungry ghost (D:6)
  Menkaure (D:6)
  Edmund (D:4)
  Duvessa (D:6)
  A black bear (D:9)
  2 phantoms
  3 ice beasts
  A necrophage (D:9)
  3 orc warriors
  2 sky beasts
  7 ogres
  7 centaurs
  A crocodile (D:11)
  5 bullfrogs
  A wyvern zombie (D:10)
  Dowan (D:6)
  3 scorpions
  3 killer bees (D:8)
  5 howler monkeys
  An electric eel (D:6)
  2 centaur zombies (Ossuary)
  4 crimson imps
  2 orc priests
  3 bullfrog skeletons
  3 hounds
  A human zombie (Ossuary)
  A centaur skeleton (D:10)
  5 jellies
  A gnoll shaman (D:6)
  2 iguanas
  2 orc wizards
  6 worker ants
  A big kobold zombie (Ossuary)
  2 hound skeletons
  2 mummies (Ossuary)
  Robin (D:4)
  A worker ant zombie (D:5)
  11 gnolls
  16 adders
  3 shadow imps
  2 oozes
  3 adder zombies
  An adder skeleton (D:5)
  4 worms
  2 dart slugs
  4 leopard geckos
  32 orcs
  2 ball pythons
  8 giant cockroaches
  6 hobgoblins
  4 jackals (D:3)
  2 quokkas
  6 bats
  5 frilled lizards
  16 goblins
  11 hobgoblin zombies (Ossuary)
  2 jackal zombies (Ossuary)
  3 kobolds
  10 kobold zombies (Ossuary)
  A leopard gecko zombie (D:6)
  7 orc zombies (Ossuary)
  A quokka zombie (D:5)
  4 rats
  A rat zombie (Ossuary)
277 creatures vanquished.

Vanquished Creatures (others)
  A slave (D:8)
  A worker ant (D:8)
2 creatures vanquished.

Grand Total: 279 creatures vanquished

Notes
Turn   | Place    | Note
-------+----------+-------------------------------------------
     0 | D:1      | Ijustatesigmund the Hill Orc Fighter began the quest for the Orb.
     0 | D:1      | Reached XP level 1. HP: 19/19 MP: 1/1
    44 | D:1      | Reached skill level 3 in Axes
    87 | D:1      | Reached XP level 2. HP: 25/26 MP: 2/2
   133 | D:1      | Reached skill level 4 in Axes
   449 | D:2      | Reached XP level 3. HP: 31/31 MP: 3/3
   689 | D:2      | Found a blossoming altar of Fedhas.
   919 | D:2      | Reached skill level 5 in Axes
  1263 | D:3      | Noticed a sky beast
  1271 | D:3      | Killed a sky beast
  1271 | D:3      | Reached skill level 6 in Axes
  1271 | D:3      | Reached XP level 4. HP: 39/39 MP: 4/4
  1271 | D:3      | Reached XP level 5. HP: 45/45 MP: 5/5
  1318 | D:3      | Reached skill level 7 in Axes
  2142 | D:4      | Reached XP level 6. HP: 52/52 MP: 6/6
  2191 | D:4      | Found a staircase to the Ecumenical Temple.
  2194 | D:4      | Noticed Robin
  2196 | Temple   | Entered the Ecumenical Temple
  2249 | D:4      | Reached skill level 8 in Axes
  2256 | D:4      | Killed Robin
  2284 | Temple   | Became a worshipper of the Wu Jian Council
  2362 | D:4      | Reached skill level 5 in Fighting
  2383 | D:4      | Reached XP level 7. HP: 59/61 MP: 7/7
  2412 | D:4      | Noticed Edmund
  2424 | D:4      | Killed Edmund
  2449 | D:4      | Reached skill level 9 in Axes
  2542 | D:4      | Found a deep blue altar of Sif Muna.
  2542 | D:4      | Found a burning altar of Makhleb.
  2865 | D:5      | Entered Level 5 of the Dungeon
  2920 | D:5      | Found a sand-covered staircase.
  2926 | Ossuary  | Entered an ossuary
  2979 | Ossuary  | Reached * piety under Wu Jian
  3205 | D:5      | Noticed Prince Ribbit
  3260 | D:5      | Reached ** piety under Wu Jian
  3323 | D:5      | Reached XP level 8. HP: 65/73 MP: 8/8
  3399 | D:5      | Reached skill level 10 in Axes
  3833 | D:6      | Found a bloodstained altar of Trog.
  3895 | D:6      | Noticed Menkaure
  3907 | D:6      | Killed Menkaure
  3987 | D:6      | Reached *** piety under Wu Jian
  4099 | D:6      | Reached skill level 11 in Axes
  4099 | D:6      | Reached skill level 5 in Armour
  4099 | D:6      | Reached XP level 9. HP: 80/82 MP: 9/9
  4132 | D:6      | Noticed Duvessa
  4132 | D:6      | Noticed Dowan
  4142 | D:6      | Killed Dowan
  4159 | D:6      | Killed Duvessa
  4831 | D:7      | Found a shattered altar of Ashenzari.
  4918 | D:7      | Found a hide-covered altar of Uskayaw.
  5283 | D:7      | Reached skill level 12 in Axes
  5745 | D:8      | Reached skill level 10 in Fighting
  5795 | D:8      | You fall through a shaft for 3 floors!
  5852 | D:11     | Noticed a four-headed hydra
  5861 | D:11     | Noticed Erica
  5880 | D:11     | Killed Erica
  5880 | D:11     | Reached **** piety under Wu Jian
  5880 | D:11     | Reached XP level 10. HP: 60/94 MP: 10/10
  6087 | D:11     | Noticed a purple ugly thing
  6110 | D:11     | Killed a purple ugly thing
  6164 | D:11     | Noticed Sonja
  6175 | D:11     | Killed Sonja
  6175 | D:11     | Reached skill level 13 in Axes
  6210 | D:11     | Noticed Torious's ghost (journeyman DECj)
  6526 | D:11     | Noticed a cyan ugly thing
  6537 | D:11     | Killed an unseen horror
  6544 | D:11     | Killed a cyan ugly thing
  6823 | D:10     | Entered Level 10 of the Dungeon
  6833 | D:10     | Found a staircase to the Lair.
  7083 | D:8      | Noticed Pikel
  7101 | D:8      | Killed Pikel
  7101 | D:8      | Reached XP level 11. HP: 93/104 MP: 11/11
  7253 | D:8      | Reached skill level 14 in Axes
  7499 | D:9      | Noticed anet's ghost (novice MiFi)
  7551 | D:9      | Killed anet's ghost
  7747 | D:9      | Found Ducoiq's Weapon Shoppe.
  7933 | D:9      | Reached skill level 10 in Armour
  8057 | D:9      | Noticed Gastronok
  8079 | D:9      | Killed Gastronok
  8712 | D:9      | Reached skill level 15 in Axes
  9102 | D:10     | Reached ***** piety under Wu Jian
  9150 | D:10     | Found Dusar's Food Shop.
  9274 | D:10     | Gained mutation: You expend magic power (3 MP) to strengthen your wands. [potion of mutation]
  9274 | D:10     | Gained mutation: You are robust. (+10% HP) [potion of mutation]
  9274 | D:10     | Gained mutation: You do not regenerate when monsters are visible. [potion of mutation]
  9274 | D:10     | Gained mutation: You have sharp fingernails. [potion of mutation]
  9610 | D:11     | Killed Torious's ghost
 10203 | D:11     | Slain by an 18-headed hydra

Vault maps used:
D:1:      dpeg_arrival_pits
D:2:      lemuel_crystal_altar, first_bread
D:4:      gammafunk_temple_overflow_wave, minmay_temple_entry_junction,
          minmay_quantized, uniq_edmund, uniq_robin
D:5:      lightli_ossuary_entry_decrepit_ruins, uniq_prince_ribbit1
D:6:      lemuel_round_altar, water_maze_lemuel, uniq_duvessa, uniq_menkaure
D:7:      overflow_temple_1_default, eat_drink_and_be_merry_uskayaw
D:8:      uniq_pikel
D:9:      serial_shops, shop_statue, uniq_gastronok
D:10:     lair_entry_dummy, serial_shops, shop_fountains
D:11:     uniq_erica, uniq_sonja
D:12:     orc_david_3, nicolae_trove_entry_columns, uniq_nergalle
Temple:   eino_temple_scatter_basement
Ossuary:  ossuary_tomb_1

Skill      XL: |  1  2  3  4  5  6  7  8  9 10 11 |
---------------+----------------------------------+-----
Axes           | 3 4 6 7 8 9 11 12 13 15 | 15.7
Fighting       | 4 5 7 8 10 11 12 | 12.0
Armour         | 5 7 9 11 | 11.3
Shields        | |  3.2

Action                   |  1- 3 |  4- 6 |  7- 9 | 10-12 || total
-------------------------+-------+-------+-------+-------++-------
Melee: War axe           |    92 |   122 |   442 |   419 ||  1075
Throw: Throwing net      |       |       |       |     1 ||     1
Invok: Serpent's Lash    |       |       |       |     2 ||     2
Evoke: Wand              |       |       |       |     2 ||     2
  Use: Scroll            |     8 |     3 |     9 |     5 ||    25
       Potion            |       |     2 |     6 |    11 ||    19
  Eat: Chunk             |     1 |     4 |     8 |    10 ||    23
       Fruit             |       |       |     3 |     5 ||     8
       Bread ration      |       |       |     1 |       ||     1
Armor: Scale mail        |    36 |       |       |       ||    36
       Chain mail        |    12 |    49 |   216 |   191 ||   468
Dodge: Dodged            |    26 |    37 |    53 |   104 ||   220
Block: Shield            |    39 |    56 |   168 |   148 ||   411
